 Seeded DCSS version 0.30-a0-920-g7493c07aab (webtiles) character file.

Game seed: 3125986916090331667 (custom seed)

28 Parcival the Trooper (level 3, 33/33 HPs)
             Began as a Minotaur Fighter on Mar 21, 2023.
             Quit the game on level 1 of the Dungeon.
             The game lasted 00:01:45 (655 turns).

Parcival the Trooper (Minotaur Fighter)              Turns: 655, Time: 00:01:45

Health: 33/33      AC:  7    Str: 22    XL:     3   Next: 0%
Magic:  2/2        EV:  9    Int: 10    God:
Gold:   43         SH:  4    Dex:  9    Spells: 2/2 levels left

rFire   . . .      SeeInvis .    a - +0 war axe (venom)
rCold   . . .      Faith    .    c - +0 buckler
rNeg    . . .      Spirit   +    b - +0 scale mail
rPois   .          Reflect  .    (helmet restricted)
rElec   .          Rampage  .    (no cloak)
rCorr   .                        (no gloves)
Will    .....                    (no boots) Stlth
                                 e - amulet "Futruh" {Spirit Int+5}
HPRegen 0.25/turn                (no ring)
MPRegen 0.08/turn                (no ring)

@: no status effects
A: horns 2, retaliatory headbutt
a: no special abilities


You were on level 1 of the Dungeon.
You visited 1 branch of the dungeon, and saw 1 of its levels.

You collected 43 gold pieces.

Inventory:

Hand Weapons
 a - a +0 war axe of venom (weapon)
Armour
 b - a +0 scale mail (worn)
 c - a +0 buckler (worn)
Jewellery
 e - the amulet "Futruh" (around neck) {Spirit Int+5}
   (You acquired it on level 1 of the Dungeon)

   [amulet of guardian spirit]

   It causes incoming damage to be divided between your reserves of health and
   magic.
   Int:       It affects your intelligence (+5).
 f - an amulet of magic regeneration
 g - a +6 ring of strength
Potions
 d - a potion of might
 h - a potion of heal wounds


   Skills:
 + Level 4.1 Fighting
 + Level 2.7 Axes
 + Level 4.0 Armour
 + Level 4.1 Shields


You had 2 spell levels left.
You didn't know any spells.
Your spell library was empty.

Dungeon Overview and Level Annotations

Branches:
Dungeon (1/15)

Altars:


Innate Abilities, Weirdness & Mutations

You have a pair of horns on your head.
You reflexively headbutt those who attack you in melee.


Message History

You kill the bat!
i - a scroll labelled KEMOTR BUCIU
j - a scroll labelled WET RICICU You see here a bat corpse.
A goblin comes into view. It is wielding a +0 dagger.
The goblin shouts!
You hear a shout!
A goblin is nearby!
A goblin comes into view. It is wielding a +0 club.
The goblin closely misses you. You furiously retaliate!
You headbutt the goblin, but do no damage.
You slash the goblin!
You kill the goblin!
You closely miss the goblin. The goblin hits you but does no damage.
The goblin hits you but does no damage.
Things that are here:
a +0 dagger; a goblin corpse You block the goblin's attack.
The goblin attacks as you move away! The goblin hits you with a +0 club.
You slash the goblin!
You kill the goblin!
You have reached level 3!
Your experience leads to an increase in your attributes!
Your base attributes are Str 20, Int 5, Dex 9.
Increase (S)trength, (I)ntelligence, or (D)exterity?
You feel stronger. x2
You see here a +0 robe.
Done exploring.
Done exploring.
Done exploring.
Done exploring.
Done exploring.
You see here a ball python corpse.
As you read the scroll labelled KEMOTR BUCIU, it crumbles to dust.
It is a scroll of identify.
h - a potion of heal wounds
As you read the scroll labelled WET RICICU, it crumbles to dust.
It is a scroll of brand weapon.
Your +0 war axe drips with poison.
a - a +0 war axe of venom (weapon)
Are you sure you want to abandon this character and quit the game? (Confirm with "yes".)

#......# #. ######
#.####.###. #....# #.#
##...# #.##.# #.# #.....
#†##.####.# #.#...
#####.##......# #.#.#.
##......######## #.#.†.
#.......# ####### #.#.#.
#..##..@# #.....# #.....
#..#....# #.....# #.....
#.....^(# #.....# #.####
#.......# #.....# #.####
#.#.###.###.....###.##..
#.......##...).).##.##.#
###.######.##.##.##.##.#
#.##.....##.##.##.....
########
#.##.###.##.....####.#


There were no monsters in sight!

Vanquished Creatures
  A gnoll (D:1)
  3 endoplasms (D:1)
  A hobgoblin (D:1)
  3 kobolds (D:1)
  2 ball pythons (D:1)
  2 bats (D:1)
  5 goblins (D:1)
  2 rats (D:1)
19 creatures vanquished.

Notes
Turn   | Place    | Note
-------+----------+-------------------------------------------
     0 | D:1      | Parcival the Minotaur Fighter began the quest for the Orb.
     0 | D:1      | Reached XP level 1. HP: 19/19 MP: 0/0
   162 | D:1      | Identified a scroll of acquirement
   162 | D:1      | Acquired the amulet "Futruh" {Spirit Int+5}
   174 | D:1      | Reached XP level 2. HP: 21/27 MP: 1/1
   571 | D:1      | Reached XP level 3. HP: 30/33 MP: 2/2
   655 | D:1      | Quit the game

Illustrated notes

Levels and vault maps discovered:
D:1:      amcnicky_arrival_single_pillar, layout_loops_cross,
          hangedman_glass_garden

Skill      XL: |  1  2 |
---------------+-------+-----
Shields        | 4 |  4.1
Fighting       | 4 |  4.1
Armour         | 4 |  4.0
Axes           | |  2.7

Action                     || total
---------------------------++-------
  Melee: War axe           ||    34
         Headbutt          ||     5
    Use: Scroll            ||     3
 Armour: Scale mail        ||    18
  Dodge: Dodged            ||    20
  Block: Buckler           ||     7

Table legend: (Time is in decaauts)
 A = Elapsed time spent in this place.
 B = Non-inter-level travel time spent in this place.
 C = Inter-level travel time spent in this place.
 D = Time resting spent in this place.
 E = Time spent auto-exploring this place.
 F = Levels seen in this place.
 G = Mean time per level.
                   A        B        C        D        E       F      G
               +--------+--------+--------+--------+--------+-----+--------+
         Total |    668 |    643 |     25 |      0 |    478 |   1 |  668.0 |
       Dungeon |    668 |    643 |     25 |      0 |    478 |   1 |  668.0 |
               +--------+--------+--------+--------+--------+-----+--------+

Top non-repeatable levels by time:
     D:1: 668 daAuts
